 Dungeon Crawl Stone Soup version 0.29-a0-993-g4a18f31a58 (webtiles) character file.

Game seed: 352620938457126181

126 siradein the Ruffian (level 4, -2/48 HPs)
             Began as a Troll Berserker on Aug 2, 2022.
             Was a Believer of Trog.
             Slain by a gnoll
             ... wielding a +0 spear
              (5 damage)
             ... on level 3 of the Dungeon.
             The game lasted 00:03:29 (1656 turns).

siradein the Ruffian (Troll Berserker)              Turns: 1656, Time: 00:03:29

Health: -2/48      AC:  4    Str: 25    XL:     4   Next: 84%
Magic:  3/3        EV: 10    Int:  3    God:    Trog [**....]
Gold:   60         SH:  5    Dex: 11    Spells: 3/3 levels left

rFire   . . .      SeeInvis .     - Unarmed
rCold   . . .      Faith    .   (no shield)
rNeg    + . .      Spirit   .   a - +0 animal skin
rPois   .          Reflect  +   (helmet restricted)
rElec   .          Harm     .   (no cloak)
rCorr   .          Rampage  .   (gloves unavailable)
Will    ++...                   (boots unavailable)
Stlth   +.........              h - amulet of reflection
HPRegen 1.96/turn               e - ring of positive energy
MPRegen 0.08/turn               (no ring)

@: strong-willed (expiring), on berserk cooldown, regenerating (expiring),
slowed, very slow
A: large, unfitting armour, claws 3, regeneration 1, shaggy fur 1, tough skin 1
a: Renounce Religion, Berserk, Trog's Hand


You were on level 3 of the Dungeon.
You worshipped Trog.
Trog was pleased with you.
You visited 1 branch of the dungeon, and saw 3 of its levels.

You collected 88 gold pieces.
You spent 28 gold pieces at shops.

Inventory:

Missiles
 b - 2 curare-tipped darts
 r - 15 stones (quivered)
 t - 2 boomerangs
 u - 5 poisoned darts
Armour
 a - a +0 animal skin (worn)
Jewellery
 e - a ring of positive energy (left claw)
 h - an amulet of reflection (around neck)
 m - a ring of positive energy
Scrolls
 c - a scroll of summoning {unknown}
 d - 2 scrolls of identify
 f - 2 scrolls of amnesia {unknown}
 g - a scroll of fear {unknown}
 k - a scroll of fog {unknown}
 l - a scroll of blinking {unknown}
Potions
 i - a potion of mutation
 j - 2 potions of curing
 n - 2 potions of might {unknown}
 o - 2 potions of haste
 p - 2 potions of cancellation {unknown}
 q - 2 potions of heal wounds {unknown}
 s - a potion of attraction {unknown}
 v - a potion of brilliance {unknown}


   Skills:
 + Level 3.7 Fighting
 - Level 2.4 Dodging
 + Level 4.4 Unarmed Combat


You had 3 spell levels left.
You didn't know any spells.
Your spell library was empty.

Dungeon Overview and Level Annotations

Branches:
Dungeon (3/15)

Altars:

Shops:
D:1 *

Annotations:
D:3 1 runed translucent door, Jessica; Sigmund; Yogidamonk's ghost, amateur MiFi


Innate Abilities, Weirdness & Mutations

You are too large for most types of armour.
You have claws for hands.
Your natural rate of healing is unusually fast.
You are covered in fur. (AC +1)
You have tough skin. (AC +1)


Message History

The gnoll barely misses you.
You hear some strange, mumbled words.
A puff of flame appears from out of thin air!
The puff of flame reflects off an invisible shield around you!
The puff of flame hits the gnoll.
Something hits you but does no damage.
A magic dart appears from out of thin air!
The magic dart hits you.
* * * LOW HITPOINT WARNING * * *
Things that are here:
a +0 club; a +0 whip; a gnoll corpse Your skin crawls.
You feel strong-willed. Something hits you.
* * * LOW HITPOINT WARNING * * *
Something hits you.
* * * LOW HITPOINT WARNING * * *
Jessica mumbles some strange words.
Jessica blinks!
Found 13 gold pieces.
Something hits you.
* * * LOW HITPOINT WARNING * * *
Jessica gestures wildly while chanting.
Jessica blinks!
Something hits you!
* * * LOW HITPOINT WARNING * * *
A puff of flame appears from out of thin air!
The puff of flame misses you.
You feel the effects of Trog's Hand fading.
A magic dart appears from out of thin air!
The magic dart hits you!
* * * LOW HITPOINT WARNING * * *
Something hits you.
* * * LOW HITPOINT WARNING * * *
The gnoll barely misses you.
The gnoll hits you from afar with a +0 spear.
* * * LOW HITPOINT WARNING * * *
You barely miss something. Something hits you.
* * * LOW HITPOINT WARNING * * *
The gnoll hits you from afar with a +0 spear.
You die...

#. ## §≈# #.. #.
###.##
#...#.##......
#.............
+...g.....<...
#.....#..#..)#
#......#..# .#
#.##############..#
#$....@{g@...)....#
#################.#
#.# #.# ## #.# #.
#.####. #......
#######


You could see a gnoll and Jessica.

Vanquished Creatures
  Robin (D:2)
  2 gnolls (D:3)
  3 adders
  2 worms (D:3)
  A dart slug (D:1)
  4 bats
  3 endoplasms
  2 giant cockroaches
  13 goblins
  3 hobgoblins
  7 jackals
  2 quokkas
  9 ball pythons
  A frilled lizard (D:1)
  A kobold (D:3)
  6 rats
60 creatures vanquished.

Notes
Turn   | Place    | Note
-------+----------+-------------------------------------------
     0 | D:1      | siradein the Troll Berserker began the quest for the Orb.
     0 | D:1      | Reached XP level 1. HP: 22/22 MP: 0/0
   100 | D:1      | Reached XP level 2. HP: 29/29 MP: 1/1
   165 | D:1      | Found a faded altar of an unknown god.
   297 | D:1      | Found Haerexkos's General Store.
   311 | D:1      | Bought a scroll of identify for 28 gold pieces
   614 | D:2      | Reached XP level 3. HP: 35/37 MP: 2/2
   712 | D:2      | Reached ** piety under Trog
  1292 | D:2      | Noticed Robin
  1306 | D:2      | Reached skill level 4 in Unarmed Combat
  1317 | D:2      | Killed Robin
  1318 | D:2      | Reached XP level 4. HP: 34/45 MP: 3/3
  1513 | D:3      | Found a runed translucent door.
  1518 | D:3      | Noticed Yogidamonk's ghost (amateur MiFi)
  1608 | D:3      | Noticed Sigmund
  1615 | D:3      | Noticed Jessica
  1656 | D:3      | Slain by a gnoll

Illustrated notes

Levels and vault maps discovered:
D:1:      lightli_arrival_boilingwater, layout_rooms,
          hellmonk_ecumenical_altar_leap_of_faith, serial_shops,
          nicolae_shop_hallway_plus
D:2:      layout_basic, minmay_misc_feat_nine_boxes, uniq_robin
D:3:      minmay_wonky_spiral, layout_basic, ebering_ghost_sewer_d,
          minivault_25, amcnicky_mini_rare_corridor_liquid, uniq_jessica,
          uniq_terence, uniq_sigmund, uniq_natasha

Skill      XL: |  1  2  3 |
---------------+----------+-----
Fighting       | 3 |  3.7
Unarmed Combat | 4 |  4.4
Dodging        | |  2.4

Action                   |  1- 3 |  4- 6 || total
-------------------------+-------+-------++-------
Melee: Unarmed           |    98 |    53 ||   151
       Punch             |     2 |       ||     2
Invok: Berserk           |       |     1 ||     1
       Trog's Hand       |       |     1 ||     1
  Use: Scroll            |     4 |       ||     4
Armor: Animal skin       |    31 |     6 ||    37
Dodge: Dodged            |    44 |    25 ||    69
Block: Other             |    17 |     8 ||    25
       Reflection        |       |     1 ||     1

Table legend: (Time is in decaauts)
 A = Elapsed time spent in this place.
 B = Non-inter-level travel time spent in this place.
 C = Inter-level travel time spent in this place.
 D = Time resting spent in this place.
 E = Time spent auto-exploring this place.
 F = Levels seen in this place.
 G = Mean time per level.
                   A        B        C        D        E       F      G
               +--------+--------+--------+--------+--------+-----+--------+
         Total |   1649 |   1593 |     56 |      0 |   1213 |   3 |  549.7 |
       Dungeon |   1649 |   1593 |     56 |      0 |   1213 |   3 |  549.7 |
               +--------+--------+--------+--------+--------+-----+--------+

Top non-repeatable levels by time:
     D:2: 910 daAuts
     D:1: 471 daAuts
     D:3: 267 daAuts
